 Dungeon Crawl Stone Soup version 0.31.0-11-ge490571c62 (webtiles) character file.

Game seed: 5152961008884241674

361 qw the Skirmisher (level 6, -10/35 HPs)
             Began as a Deep Elf Hunter on Feb 5, 2024.
             Was an Initiate of Okawaru.
             Mangled by an ogre
             ... wielding a +0 giant club
              (15 damage)
             ... on level 5 of the Dungeon.
             The game lasted 00:01:20 (3573 turns).

qw the Skirmisher (Deep Elf Hunter)                 Turns: 3573, Time: 00:01:21

Health: -10/35     AC:  7    Str: 10    XL:     6   Next: 38%
Magic:  8/8        EV: 11    Int: 14    God:    Okawaru [......]
Gold:   304        SH:  0    Dex: 18    Spells: 5/5 levels left

rFire   . . .        a - +2 shortbow
rCold   . . .        (shield currently unavailable)
rNeg    . . .        h - +0 ring mail
rPois   .            (no helmet)
rElec   .            (no cloak)
rCorr   .            (no gloves)
SInv    .            (no boots)
Will    .....        (no amulet)
Stlth   +            (no ring)
HPRegen 0.25/turn    (no ring)
MPRegen 0.11/turn

%: no passive effects
@: about to teleport
A: iridescent scales 1, sense surroundings 1
a: Renounce Religion


You were on level 5 of the Dungeon.
You worshipped Okawaru.
Okawaru was noncommittal.
You visited 1 branch of the dungeon, and saw 5 of its levels.

You collected 304 gold pieces.


Innate Abilities, Weirdness & Mutations

You are partially covered in iridescent scales. (AC +2)
You passively map a small area around you.


   Skills:
 - Level 2.1 Fighting
 + Level 9.7 Ranged Weapons
 - Level 2.4 Dodging
 - Level 1.2 Stealth
 - Level 1.1 Invocations


You had 5 spell levels left.
You didn't know any spells.
Your spell library was empty.

Inventory:

Hand Weapons
 a - a +2 shortbow (weapon)
Armour
 h - a +0 ring mail (worn)
Wands
 d - a wand of paralysis (7)
Scrolls
 b - 2 scrolls of teleportation
 e - 3 scrolls of identify
 f - a scroll of vulnerability {unknown}
Potions
 c - a potion of might
 g - 2 potions of haste {unknown}

Dungeon Overview and Level Annotations

Branches:
Dungeon (5/15)             Temple (0/1) D:4

Altars:
Cheibriados
Makhleb
Okawaru

Annotations:
D:2 1 runed translucent door, Crazy Yiuf


Message History

HP restored.
Found a hand axe.
You now have 304 gold pieces (gained 13).
Found an escape hatch in the ceiling.
You open the door.
There is an open door here.
Found a stone staircase leading down.
There is a stone staircase leading down here.
f - a scroll labelled OQOZEB DUOS You can no longer gain great but temporary skills.
You open the large door.
There is a large open door here.
There is a large open door here.
You open the door.
Found a potion of degeneration.
There is an open door here.
Found a stone staircase leading up.
Enter note:
Enter note:
Enter note:
Enter note: You see here a potion of degeneration.
Found a long sword.
g - 2 yellow potions You see here a +0 long sword.
An ogre comes into view. It is wielding a +0 giant club.
The ogre shouts!
You shoot an arrow. The arrow hits the ogre.
The ogre is moderately wounded.
Found 8 gold pieces.
You shoot an arrow. The arrow completely misses the ogre.
The ogre hits you with a +0 giant club!!
Ouch! That really hurt!
3572 ||| READING 3 scrolls of teleportation.
As you read the scroll of teleportation, it crumbles to dust.
You feel strangely unstable.
You shoot an arrow. The arrow hits the ogre!
The ogre is heavily wounded.
The ogre hits you with a +0 giant club!
You die...

###### #..... ,* #.#### #.#.##
####### #.#... ....... #.#.##
....... #..<.. ,
.......#################
#...............@..........).....
........#......O############.....
........#....... #.....
........#$...... #.....
........#.......* #.....
#.......############## #.....
#.......##...........# ######
........##...........#
.....#.>.#...........######


You could see an ogre.

Vanquished Creatures
  2 orc priests (D:5)
  A hound (D:5)
  3 iguanas
  Ijyb (D:4)
  2 orc wizards (D:5)
  2 adders
  3 ribbon worms
  7 orcs
  5 ball pythons
  2 endoplasms
  2 giant cockroaches
  10 goblins
  9 hobgoblins
  4 jackals (D:3)
  3 quokkas
  7 bats
  3 frilled lizards
  15 kobolds
  7 rats
88 creatures vanquished.

Notes
Turn   | Place    | Note
-------+----------+-------------------------------------------
     0 | D:1      | qw the Deep Elf Hunter began the quest for the Orb.
     0 | D:1      | Reached XP level 1. HP: 12/12 MP: 3/3
     0 | D:1      | 0 ||| qw: Version: 0.3-a-160-g6735b56
     0 | D:1      | 0 ||| qw: Game counter: 6487
     0 | D:1      | 0 ||| qw: Melee chars always use a shield: true
     0 | D:1      | 0 ||| qw: God list: Okawaru
     0 | D:1      | 0 ||| qw: Allow faded altars: false
     0 | D:1      | 0 ||| qw: Do Orc after clearing Dungeon:15 true
     0 | D:1      | 0 ||| qw: Do second Lair branch before Depths: true
     0 | D:1      | 0 ||| qw: Lair rune preference: random
     0 | D:1      | 0 ||| qw: Goals: Normal
     0 | D:1      | 0 ||| PLANNING D:1-11
   137 | D:1      | Reached skill level 6 in Ranged Weapons
   137 | D:1      | Reached XP level 2. HP: 13/16 MP: 4/4
   698 | D:1      | 698 ||| UPGRADING to +0 ring mail.
   708 | D:1      | 708 ||| DROPPING +0 leather armour.
   709 | D:1      | 709 ||| READING 2 scrolls labelled WOOKAP QYIDGH.
   714 | D:1      | 714 ||| READING scroll labelled PONKEI URIQIH.
   715 | D:1      | 715 ||| READING scroll labelled ASINECZIENU.
   715 | D:1      | 715 ||| IDENTIFYING pink potion
   716 | D:1      | 716 ||| DROPPING scroll of butterflies.
   717 | D:1      | 717 ||| DROPPING potion of degeneration.
   756 | D:2      | Found a burning altar of Makhleb.
   921 | D:2      | Reached XP level 3. HP: 20/20 MP: 5/5
  1066 | D:2      | 1066 ||| Stepping randomly (stuck).
  1066 | D:2      | HP: 4/20 [ribbon worm (2)]
  1067 | D:2      | 1067 ||| READING scroll of teleportation.
  1214 | D:2      | Reached skill level 7 in Ranged Weapons
  1482 | D:2      | Found a runed translucent door.
  1483 | D:2      | Noticed Crazy Yiuf
  1674 | D:2      | 1674 ||| READING scroll of identify.
  1674 | D:2      | 1674 ||| IDENTIFYING bubbling ruby potion
  1675 | D:2      | 1675 ||| READING scroll labelled CUNEDU XIUCKYODE.
  1676 | D:2      | 1676 ||| READING 2 scrolls labelled NUAFIM HULYH.
  1676 | D:2      | 1676 ||| ENCHANTING +0 shortbow.
  1677 | D:2      | 1677 ||| READING scroll of enchant weapon.
  1677 | D:2      | 1677 ||| ENCHANTING +1 shortbow.
  1815 | D:3      | Found a snail-covered altar of Cheibriados.
  1874 | D:3      | Reached XP level 4. HP: 25/25 MP: 6/6
  1887 | D:3      | Found an iron altar of Okawaru.
  1888 | D:3      | 1888 ||| PLANNING OKAWARU WORSHIP
  1888 | D:3      | 1888 ||| READING 2 scrolls labelled BYSUURRAUCA.
  1889 | D:3      | 1889 ||| DRINKING 2 dark potions.
  1889 | D:3      | Gained mutation: You occasionally lose the ability to drink
                  | potions when taking damage. [potion of mutation]
  1890 | D:3      | 1890 ||| DRINKING potion of mutation.
  1890 | D:3      | Lost mutation: You occasionally lose the ability to drink
                  | potions when taking damage. [potion of mutation]
  1890 | D:3      | Gained mutation: You are partially covered in iridescent
                  | scales. (AC +2) [potion of mutation]
  1890 | D:3      | Gained mutation: You passively map a small area around you.
                  | [potion of mutation]
  1891 | D:3      | 1891 ||| DROPPING scroll of blinking.
  1904 | D:3      | Became a worshipper of Warmaster Okawaru
  1905 | D:3      | 1905 ||| PLANNING D:1-11
  2164 | D:4      | 2164 ||| STAIRDANCE
  2237 | D:4      | Found a staircase to the Ecumenical Temple.
  2262 | D:4      | Noticed Ijyb
  2265 | D:4      | Paralysed by Ijyb for 2 turns
  2274 | D:4      | Paralysed by Ijyb for 4 turns
  2280 | D:4      | Killed Ijyb
  2281 | D:4      | Reached skill level 8 in Ranged Weapons
  2540 | D:4      | Reached XP level 5. HP: 29/29 MP: 7/7
  2715 | D:5      | Entered Level 5 of the Dungeon
  2747 | D:5      | Reached skill level 9 in Ranged Weapons
  2952 | D:5      | Reached * piety under Okawaru
  2953 | D:5      | Reached XP level 6. HP: 28/35 MP: 8/8
  3006 | D:5      | Reached skill level 1 in Invocations
  3571 | D:5      | HP: 4/35 [ogre/+0 giant club (31)]
  3572 | D:5      | 3572 ||| READING 3 scrolls of teleportation.
  3573 | D:5      | Mangled by an ogre

Levels and vault maps discovered:
D:1:      scummos_arrival_simple_fountains, layout_loops_ring,
          chequers_serial_rivers_micro_c, minmay_misc_feat_ornament
D:2:      layout_basic, basic_altar, st_stairs_14, uniq_crazy_yiuf_cottage
D:3:      layout_rooms, okawaru_ov_weapons_minmay, lemuel_doored_altar,
          grunt_ministairs_1, nrook_mini_backslash
D:4:      layout_cave_pools, minmay_temple_entry_statues_pillars,
          patterned_corridor, uniq_ijyb
D:5:      layout_basic

Skill      XL: |  1  2  3  4  5  6 |
---------------+-------------------+-----
Ranged Weapons | 6 7 8 9 |  9.7
Fighting       | 2 |  2.1
Invocations    | 1 |  1.1
Dodging        | |  2.4
Stealth        | |  1.2

Action                     |  1- 3 |  4- 6 || total
---------------------------+-------+-------++-------
   Fire: Shortbow          |   167 |   148 ||   315
    Use: Scroll            |     8 |     2 ||    10
         Potion            |       |     2 ||     2
 Armour: Leather armour    |    11 |       ||    11
         Ring mail         |    59 |    53 ||   112
  Dodge: Dodged            |    54 |    33 ||    87

Table legend:
 A = Non-vault XP
 B = Vault XP
 C = Vault XP percentage of total XP
 D = Non-vault monster count
 E = Vault monster count
 F = Vault count percentage of total count
                 A         B        C        D         E       F
            +---------+---------+-------+---------+---------+-------
      Total |     473 |      43 |   8.3 |      83 |       5 |   5.7
            +---------+---------+-------+---------+---------+-------
        D:1 |      34 |       0 |   0.0 |      22 |       0 |   0.0
        D:2 |      36 |       3 |   7.7 |      13 |       2 |  13.3
        D:3 |      43 |       4 |   8.5 |      24 |       2 |   7.7
        D:4 |      56 |      36 |  39.1 |      11 |       1 |   8.3
        D:5 |     304 |       0 |   0.0 |      13 |       0 |   0.0
            +---------+---------+-------+---------+---------+-------
